 Dungeon Crawl Stone Soup version 0.21.1-1-g345015f (webtiles) character file.

90 Clemens the Conjurer (level 4, -3/33 HPs)
             Began as a Draconian Conjurer on Apr 1, 2018.
             Slain by an orc
             ... wielding a +2 flail of protection
              (7 damage)
             ... on level 3 of the Dungeon.
             The game lasted 00:03:49 (1832 turns).

Clemens the Conjurer (Draconian Conjurer)           Turns: 1832, Time: 00:03:50

Health: -3/33      AC:  5    Str: 10      XL:     4   Next: 32%
Magic:  5/7        EV: 12    Int: 13 (16) God:
Gold:   76         SH:  0    Dex: 11 (12) Spells: 5/8 levels left

rFire    . . .     SeeInvis .   j - +0 mace
rCold    . . .     Gourm    .   (no shield)
rNeg     . . .     Faith    .   (armour unavailable)
rPois    .         Spirit   .   (helmet restricted)
rElec    .         Reflect  .   (no cloak)
rCorr    .         Harm     .   (no gloves)
MR       .....                  (no boots)
Stlth    ++........             (no amulet)
HPRegen  0.11/turn              (no ring)
MPRegen  0.10/turn              (no ring)

@: no status effects
A: unfitting armour, cold-blooded, AC +5
a: no special abilities


You were on level 3 of the Dungeon.
You were hungry.

You visited 1 branch of the dungeon, and saw 3 of its levels.

You collected 76 gold pieces.

Inventory:

Hand Weapons
 d - a +2 dagger of protection
 j - a +0 mace (weapon)
Jewellery
 c - a +5 ring of dexterity {unknown}
 m - a +3 ring of intelligence {unknown}
Scrolls
 g - a scroll of identify
 h - a scroll of magic mapping
Books
 a - a book of Conjurations

   Spells                             Type                      Level
   a - Magic Dart                     Conjuration                  1
   b - Searing Ray                    Conjuration                  2
   c - Dazzling Spray                 Conjuration/Hexes            3
   d - Fulminant Prism                Conjuration/Hexes            4
   e - Force Lance                    Conjuration/Translocation    4
   f - Iskenderun's Mystic Blast      Conjuration                  4
Comestibles
 b - 4 rations


   Skills:
 - Level 1.8 Dodging
 - Level 1.9 Stealth
 - Level 2.5 Spellcasting
 + Level 5.5 Conjurations


You had 5 spell levels left.
You knew the following spells:

 Your Spells              Type           Power        Failure   Level  Hunger
a - Magic Dart            Conj           ###.         2%          1    #......
b - Searing Ray           Conj           ###...       3%          2    ###....


Dungeon Overview and Level Annotations

Branches:
Dungeon (3/15)

Altars:


Innate Abilities, Weirdness & Mutations

Your plain brown scales are hard. (AC +5)
You cannot fit into any form of body armour.
You are cold-blooded and may be slowed by cold attacks.


Message History

You closely miss the orc.
The orc hits you from afar with a trident.
* * * LOW HITPOINT WARNING * * *
The orc completely misses you.
The orc hits you from afar with a trident.
* * * LOW HITPOINT WARNING * * *
Casting: Magic Dart
Confirm with . or Enter, or press ? or * to list all spells.
Okay, then.
A rat comes into view.
Casting: Magic Dart
Confirm with . or Enter, or press ? or * to list all spells.
Aiming: Searing Ray
Press: ? - help, Shift-Dir - straight line, f - orc
Aim: an orc, wielding a flail of protection The searing ray hits the orc.
The orc is heavily wounded. (Press . to maintain the ray.)
The orc hits you with a flail of protection!
You die...

#########
.##.#####......?.
.......@oo...#
#r#.#####<##.#
#.# #.# $.# ###


You could see 2 orcs and a rat (sleeping).

Vanquished Creatures
  An orc priest (D:2)
  3 adders (D:2)
  An ooze (D:2)
  2 dart slugs
  A goblin (D:1)
  2 hobgoblins
  4 jackals
  4 bats
  A frilled lizard (D:2)
  4 kobolds
  7 rats
30 creatures vanquished.

Notes
Turn   | Place    | Note
-------+----------+-------------------------------------------
     0 | D:1      | Clemens the Draconian Conjurer began the quest for the Orb.
     0 | D:1      | Reached XP level 1. HP: 14/14 MP: 3/3
   506 | D:1      | Reached XP level 2. HP: 20/20 MP: 3/5
   973 | D:1      | Learned a level 2 spell: Searing Ray
  1391 | D:2      | Reached XP level 3. HP: 21/26 MP: 3/6
  1731 | D:2      | Reached skill level 5 in Conjurations
  1746 | D:2      | Reached XP level 4. HP: 23/33 MP: 1/7
  1832 | D:3      | Slain by an orc

Skill      XL: |  1  2  3 |
---------------+----------+-----
Conjurations   | 5 |  5.5
Dodging        | |  1.8
Stealth        | |  1.9
Spellcasting   | |  2.5

Action                   |  1- 3 |  4- 6 || total
-------------------------+-------+-------++-------
Melee: Unarmed           |    17 |       ||    17
       Tailslap          |     6 |       ||     6
       Mace              |    48 |     3 ||    51
 Cast: Magic Dart        |    39 |       ||    39
       Searing Ray       |     3 |     1 ||     4
  Use: Potion            |     5 |       ||     5
       Scroll            |     3 |       ||     3
 Stab: Sleeping          |     1 |       ||     1
  Eat: Chunk             |     3 |       ||     3
Armor: Skin              |    56 |       ||    56
Dodge: Dodged            |   112 |     4 ||   116
